 Dungeon Crawl Stone Soup version 0.31-a0-971-g75a2e9a4b4 (webtiles) character file.

Game seed: 9441277482436850530

44 Conn the Firebug (level 3, 0/21 HPs)
             Began as an Octopode Fire Elementalist on Oct 28, 2023.
             Slain by Sigmund
             ... wielding a +0 scythe
              (3 damage)
             ... on level 2 of the Dungeon.
             The game lasted 00:04:32 (1521 turns).

Conn the Firebug (Octopode Fire Elementalist)       Turns: 1521, Time: 00:04:32

Health: 0/21       AC:  1    Str:  7    XL:     3   Next: 60%
Magic:  6/6        EV: 12    Int: 19    God:
Gold:   41         SH:  4    Dex: 12    Spells: 0/6 levels left

rFire   . . .        d - +0 dagger
rCold   . . .        g - +0 buckler
rNeg    . . .        (helmet restricted)
rPois   .            (no amulet)
rElec   .            (no ring)
rCorr   .            (no ring)
SInv    .            (no ring)
Will    .....        (no ring)
Stlth   +++          (no ring)
HPRegen 0.23/turn    (no ring)
MPRegen 0.10/turn    (no ring)
                     (no ring)

%: no passive effects
@: no status effects
A: almost no armour, amphibious, 8 rings, camouflage 1, gelatinous body 1,
(nimble swimmer 1), tentacles
a: no special abilities


You were on level 2 of the Dungeon.
You visited 1 branch of the dungeon, and saw 2 of its levels.

You collected 41 gold pieces.

Inventory:

Hand Weapons
 d - a +0 dagger (weapon)
Armour
 b - an orb of light
 g - a +0 buckler (worn)
Scrolls
 c - a scroll of revelation {unknown}
 f - a scroll of amnesia
 h - a scroll of teleportation {unknown}
 i - a scroll of immolation {unknown}


   Skills:
 + Level 2.4 Dodging
 - Level 3.0 Stealth
 * Level 0.4 Shields
 + Level 2.3 Spellcasting
 * Level 1.9 Conjurations
 + Level 0.0 Hexes
 + Level 3.3 Fire Magic


You couldn't memorise any spells.
You knew the following spells:

 Your Spells              Type           Power      Damage    Failure   Level
a - Foxfire               Conj/Fire      48%        2x1d6     10%         1
b - Scorch                Fire           28%        2d6       11%         2
c - Inner Flame           Hex/Fire       8%         N/A       38%         3

Your spell library contained the following spells:

 Spells                   Type           Power      Damage    Failure   Level
 Volatile Blastmotes      Fire/Tloc      16%        2d11      38%         3
 Flame Wave               Conj/Fire      12%        2d6       67%         4


Dungeon Overview and Level Annotations

Branches:
Dungeon (2/15)

Altars:
Hepliaklqana

Annotations:
D:2 Natasha, Sigmund


Innate Abilities, Weirdness & Mutations

You cannot wear most types of armour.
You are amphibious.
You can wear up to eight rings at the same time.
Your skin changes colour to match your surroundings (Stealth+).
Your rubbery body absorbs attacks. (AC +1, EV +1)
((You are camouflaged when in or above water. (Stealth+)))
You have tentacles for arms and can constrict up to eight enemies at once.


Message History

Unknown command.
The foxfire hits Sigmund.
Sigmund is heavily wounded.
The foxfire hits Sigmund.
Sigmund is heavily wounded.
The foxfire hits Sigmund.
Sigmund is heavily wounded.
Unknown command.
Sorry, you're not good enough to have a special ability.
Sigmund misses you. Sigmund casts a spell at you. The puff of flame hits you!
Ouch! That really hurt!
Casting: Foxfire (safe; 10% risk of failure)
Confirm with . or Enter, or press ? or * to list all spells.
You conjure some foxfire!
Your foxfire dissipates!
The foxfire hits Sigmund.
Sigmund is severely wounded.
Okay, then.
Sigmund casts a spell.
Sigmund flickers and vanishes!
Deactivating autopickup; reactivate with Ctrl-A.
Your magical contamination has completely faded away.
You are confused.
It was a potion of curing.
You feel better.
You are confused.
You bump into the rock wall.
A puff of flame appears from out of thin air!
The puff of flame hits you!
Ouch! That really hurt!
* * * LOW HITPOINT WARNING * * *
Okay, then.
You are too confused!
Unknown command.
Unknown command.
Magic courses through your body.
You feel less confused. Something hits you.
You die...

##.##...## ...)..#######
.....≈≈≈≈≈≈≈# ..
.#.†≈≈≈≈≈≈#≈## ..
#.≈~≈≈≈≈##≈≈# #.
#.~≈~~≈##≈≈≈# #.
#.≈~≈~####### #.## ##.~≈~≈.#
##############..#
..~~~~..#####...@........##.#
#.~~.~~.......##########....#
#..~~~~...##### ###..#
#...≈~≈..## #### ##.~....##
#.~~~~.# #~~~~~~# #.~.~~.#
#.~~~~.#


There were no monsters in sight!

Vanquished Creatures
  An adder (D:2)
  4 endoplasms
  A giant cockroach (D:1)
  2 goblins (D:1)
  3 hobgoblins
  3 jackals (D:1)
  2 quokkas
  4 ball pythons
  4 bats
  A frilled lizard (D:1)
  4 kobolds
  4 rats
33 creatures vanquished.

Vanquished Creatures (others)
  95 foxfires
95 creatures vanquished.

Grand Total: 128 creatures vanquished

Notes
Turn   | Place    | Note
-------+----------+-------------------------------------------
     0 | D:1      | Conn the Octopode Fire Elementalist began the quest for the
                  | Orb.
     0 | D:1      | Reached XP level 1. HP: 11/11 MP: 3/3
   162 | D:1      | Reached XP level 2. HP: 17/17 MP: 1/5
   793 | D:1      | Learned a level 2 spell: Scorch
   858 | D:1      | Reached XP level 3. HP: 21/21 MP: 4/6
  1117 | D:2      | Found a hazy altar of Hepliaklqana.
  1201 | D:2      | Found a faded altar of an unknown god.
  1204 | D:2      | Noticed Natasha
  1307 | D:1      | Learned a level 3 spell: Inner Flame
  1496 | D:2      | Noticed Sigmund
  1521 | D:2      | Slain by Sigmund

Illustrated notes

Levels and vault maps discovered:
D:1:      wander_arrival_chamber, layout_loops_ring, bh_walls_and_bars
D:2:      layout_rooms, serial_rivers, chequers_serial_rivers_room_b,
          chequers_serial_rivers_micro_e, chequers_serial_rivers_micro_c,
          chequers_serial_rivers_large_a, dreamdust_ecumenical_altar_statues,
          basic_altar, uniq_natasha, uniq_sigmund

Skill      XL: |  1  2 |
---------------+-------+-----
Stealth        | 3 |  3.0
Dodging        | |  2.4
Shields        | |  0.4
Spellcasting   | |  2.3
Conjurations   | |  1.9
Fire Magic     | |  3.3

Action                     || total
---------------------------++-------
  Melee: Unarmed           ||     4
         Constrict         ||     5
         Tentacles         ||     4
         Dagger            ||     4
   Cast: Foxfire           ||    55
         Scorch            ||     1
    Use: Potion            ||     2
         Scroll            ||     1
 Armour: Skin              ||    20
  Dodge: Dodged            ||    23
  Block: Buckler           ||     1

Table legend: (Time is in decaauts)
 A = Elapsed time spent in this place.
 B = Non-inter-level travel time spent in this place.
 C = Inter-level travel time spent in this place.
 D = Time resting spent in this place.
 E = Time spent auto-exploring this place.
 F = Levels seen in this place.
 G = Mean time per level.
                   A        B        C        D        E       F      G
               +--------+--------+--------+--------+--------+-----+--------+
         Total |   1520 |   1501 |     19 |     80 |   1099 |   2 |  760.0 |
       Dungeon |   1520 |   1501 |     19 |     80 |   1099 |   2 |  760.0 |
               +--------+--------+--------+--------+--------+-----+--------+

Top non-repeatable levels by time:
     D:1: 1225 daAuts
     D:2: 295 daAuts
